 Dungeon Crawl Stone Soup version 0.24-a0-537-g2d01d4ab0a (webtiles) character file.

Game seed: 9294163135873991674

112 DasRunzen the Sneak (level 4, 0/30 HPs)
             Began as a Vampire Conjurer on Aug 14, 2019.
             Slain by a gnoll
             ... wielding a +0 club
              (8 damage)
             ... on level 2 of the Dungeon.
             The game lasted 00:07:20 (1726 turns).

DasRunzen the Sneak (Vampire Conjurer)              Turns: 1726, Time: 00:07:20

Health: 0/30       AC:  2    Str:  7    XL:     4   Next: 64%
Magic:  8/8        EV: 13    Int: 18    God:
Gold:   106        SH:  0    Dex: 14    Spells: 5/8 levels left

rFire    . . .     SeeInvis +   g - +3 dagger (protect)
rCold    . . .     Gourm    .   (no shield)
rNeg     . . .     Faith    .   a - +0 robe
rPois    .         Spirit   .   (no helmet)
rElec    .         Reflect  .   (no cloak)
rCorr    .         Harm     .   (no gloves)
MR       .....                  (no boots)
Stlth    +++.......             (no amulet)
HPRegen  0.30/turn              (no ring)
MPRegen  0.11/turn              (no ring)

@: lethally poisoned (0 -> 0), regenerating quickly
A: no food, fangs 3, see invisible, unbreathing
a: Exsanguinate


You were on level 2 of the Dungeon.
You were alive.

You visited 1 branch of the dungeon, and saw 2 of its levels.

You collected 106 gold pieces.

Inventory:

Hand Weapons
 g - a +3 dagger of protection (weapon)
Armour
 a - a +0 robe (worn)
Scrolls
 b - a scroll of magic mapping
Potions
 c - a potion of lignification
 e - a potion of flight {unknown}


   Skills:
 + Level 3.2 Dodging
 + Level 4.6 Stealth
 + Level 2.8 Spellcasting
 + Level 3.4 Conjurations


You had 5 spell levels left.
You knew the following spells:

 Your Spells              Type           Power        Failure   Level  Hunger
a - Magic Dart            Conj           ##..         4%          1    N/A
b - Searing Ray           Conj           ##....       6%          2    N/A

Your spell library contained the following spells:

 Spells                   Type           Power        Failure   Level  Hunger
 Dazzling Spray           Conj/Hex       #.....       26%         3    N/A
 Iskenderun's Mystic Bla  Conj           ##......     38%         4    N/A
 Force Lance              Conj/Tloc      #.......     63%         4    N/A
 Fulminant Prism          Conj/Hex       #.........   63%         4    N/A

Dungeon Overview and Level Annotations

Branches:
Dungeon (2/15)

Altars:
Elyvilon


Innate Abilities, Weirdness & Mutations

You do not eat.
Your natural rate of healing is unusually fast.
You have razor-sharp teeth.
You have supernaturally acute eyesight. (SInv)
You can survive without breathing.


Message History

You see here a dagger.
You feel sick.
You feel sick.
You feel sick.
You feel sick.
You feel sick. The dart slug launches a dart at you. The slug dart hits you.
You feel sick.
You feel sick.
You feel sick.
You feel sick.
You feel sick.
You feel sick.
You feel sick.
You feel sick.
You feel sick.
There is a stone staircase leading up here.
The gnoll hits you with a +0 club!
You die...

#####.######### #.# #.# #.. #.#
### #.########### ###
#g##........# ..# #.##.#####..#
######### #.####.##.#####..####
#........ .............g......#
#.######.
#.####.##.#####g@##.#####.# #..
#.###...#.#####.[......##.#####..
..##.............##.##.##.##.....
#####...#........##.##.##.##.##..
##.########.###.##.##........ #.#
#.....##.#####.##.. #.#
#..#####.# #.#### ##'## #..# #.#
###.### ##...## #..#####.#
#.....#


You could see 2 gnolls.

Vanquished Creatures
  An adder (D:2)
  5 gnolls (D:2)
  A worm (D:2)
  3 dart slugs
  A leopard gecko (D:1)
  2 giant cockroaches
  5 goblins (D:1)
  3 hobgoblins (D:1)
  9 jackals (D:1)
  A quokka (D:2)
  2 bats
  4 frilled lizards
  6 kobolds
  3 rats (D:1)
46 creatures vanquished.

Vanquished Creatures (others)
  5 toadstools (D:1)
5 creatures vanquished.

Grand Total: 51 creatures vanquished

Notes
Turn   | Place    | Note
-------+----------+-------------------------------------------
     0 | D:1      | DasRunzen the Vampire Conjurer began the quest for the Orb.
     0 | D:1      | Reached XP level 1. HP: 13/13 MP: 3/3
   145 | D:1      | Reached XP level 2. HP: 14/19 MP: 5/5
   189 | D:1      | Learned a level 2 spell: Searing Ray
   416 | D:1      | Reached XP level 3. HP: 23/24 MP: 6/6
   918 | D:2      | Reached skill level 4 in Stealth
   928 | D:2      | Reached XP level 4. HP: 2/30 MP: 0/7
  1344 | D:2      | Found a white marble altar of Elyvilon.
  1726 | D:2      | Slain by a gnoll

Levels and vault maps discovered:
D:1:      ldierk_walled_garden, layout_basic
D:2:      layout_loops_corners, nicolae_overflow_hidden_temple,
          kennysheep_slug_shrine

Skill      XL: |  1  2  3 |
---------------+----------+-----
Conjurations   | 3 |  3.4
Stealth        | 4 |  4.6
Dodging        | 3 |  3.2
Spellcasting   | |  2.8

Action                   |  1- 3 |  4- 6 || total
-------------------------+-------+-------++-------
Melee: Dagger            |    69 |    35 ||   104
       Bite              |    11 |     2 ||    13
 Cast: Magic Dart        |    19 |    21 ||    40
       Searing Ray       |     2 |     1 ||     3
  Use: Scroll            |     4 |       ||     4
       Potion            |       |     1 ||     1
 Stab: Sleeping          |     8 |     1 ||     9
Armor: Robe              |    24 |    11 ||    35
Dodge: Dodged            |    52 |    31 ||    83

Table legend:
 A = Non-vault XP
 B = Vault XP
 C = Vault XP percentage of total XP
 D = Non-vault monster count
 E = Vault monster count
 F = Vault count percentage of total count
                 A         B        C        D         E       F
            +---------+---------+-------+---------+---------+-------
      Total |     161 |       0 |   0.0 |      46 |       0 |   0.0
            +---------+---------+-------+---------+---------+-------
        D:1 |      54 |       0 |   0.0 |      29 |       0 |   0.0
        D:2 |     107 |       0 |   0.0 |      17 |       0 |   0.0
            +---------+---------+-------+---------+---------+-------
